 Dungeon Crawl Stone Soup version 0.29.0-5-ge4962eb29e (webtiles) character file.

Game seed: 9330564968348262351

93557 Strat the Executioner (level 16, 0/122 HPs)
             Began as a Formicid Cinder Acolyte on Aug 29, 2022.
             Was a High Priest of Ignis.
             Succumbed to Aizul's bolt of poison
             ... on level 3 of the Lair of Beasts on Aug 30, 2022.
             The game lasted 00:54:58 (30689 turns).

Strat the Executioner (Formicid Cinder Acolyte)    Turns: 30689, Time: 00:54:59

Health: 0/122      AC: 34    Str: 21    XL:     16   Next: 57%
Magic:  17/17      EV: 13    Int: 16    God:    Ignis [*****.]
Gold:   1801       SH: 11    Dex: 13    Spells: 15/17 levels left

rFire   + . .      SeeInvis +   a - +4 executioner's axe (freeze)
rCold   . . .      Faith    .   W - +0 kite shield {AC+3}
rNeg    . . .      Spirit   .   U - +3 scale mail {Will+}
rPois   .          Reflect  .   (helmet unavailable)
rElec   .          Harm     .   x - +0 cloak
rCorr   .          Rampage  .   k - +2 pair of gloves
Will    ++...                   n - +2 pair of boots {Stlth+}
Stlth   +.........              s - amulet of regeneration
HPRegen 1.10/turn               K - +4 ring of evasion
MPRegen 0.15/turn               z - +4 ring of protection

@: lethally poisoned (0 -> -24), fiery-armoured
A: permanent stasis, dig shafts and tunnels, antennae 3, four strong arms
a: Dig, Shaft Self, Renounce Religion, Fiery Armour, Foxfire Swarm


You were on level 3 of the Lair of Beasts.
You worshipped Ignis.
Ignis was extremely pleased with you.
You visited 4 branches of the dungeon, and saw 23 of its levels.

You collected 2527 gold pieces.
You spent 726 gold pieces at shops.

Inventory:

Hand Weapons
 a - a +4 executioner's axe of freezing (weapon)
 b - the +10 sling of Triumph {venom, rPois}
   (You found it on level 2 of the Dungeon)

   Any ammunition fired from it poisons the flesh of those it strikes.
   rPois:     It protects you from poison.
 t - a +1 arbalest of flaming
 w - a +2 war axe of flaming
Missiles
 j - 27 poisoned darts
 q - a throwing net
 N - 2 curare-tipped darts
Armour
 d - the +1 cloak of Starlight {*Dazzle EV+4 Stlth--}
   (You found it on level 14 of the Dungeon)

   It may blind those who miss an attack against the wearer in melee combat.
   EV:        It affects your evasion (+4).
   Stlth:     It makes you much less stealthy.
 k - a +2 pair of gloves (worn)
 n - a +2 pair of boots of stealth (worn)
 x - a +0 cloak (worn)
 B - a +0 buckler
 U - a +3 scale mail of willpower (worn)
 W - a +0 kite shield of protection (worn)
Jewellery
 e - an amulet of guardian spirit
 s - an amulet of regeneration (around neck)
 z - a +4 ring of protection (right hand)
 G - a ring of protection from cold
 K - a +4 ring of evasion (left hand)
 L - a +4 ring of evasion
 O - a ring of willpower
Wands
 g - a wand of mindburst (21)
 p - a wand of polymorph (8)
 y - a wand of flame (41)
 A - a wand of roots (6)
 J - a wand of paralysis (10)
 V - a wand of light (9)
Scrolls
 l - 3 scrolls of immolation
 m - 2 scrolls of magic mapping
 u - 2 scrolls of brand weapon
 v - 4 scrolls of noise
 C - 2 scrolls of vulnerability
 E - 4 scrolls of amnesia
 I - 4 scrolls of poison
 P - 7 scrolls of identify
 Q - a scroll of summoning
 R - 2 scrolls of butterflies
 T - a scroll of enchant armour
Potions
 c - 3 potions of mutation
 f - 5 potions of flight
 h - 3 potions of brilliance
 i - a potion of might
 o - a potion of ambrosia
 r - 5 potions of degeneration
 F - 2 potions of berserk rage
 H - 13 potions of curing
 S - 2 potions of magic {unknown}


   Skills:
 - Level 10.0 Fighting
 + Level 23.1 Axes
 - Level 4.0 Ranged Weapons
 - Level 10.0 Armour
 - Level 11.3 Shields
 - Level 1.1 Spellcasting
 - Level 3.0 Fire Magic


You had 15 spell levels left.
You knew the following spells:

 Your Spells              Type           Power      Damage    Failure   Level
a - Scorch                Fire           20%        2d6       38%         2

Your spell library contained the following spells:

 Spells                   Type           Power      Damage    Failure   Level
 Magic Dart               Conj           0%         1d3       67%         1
 Poisonous Vapours        Pois/Air       0%         N/A       80%         2
 Searing Ray              Conj           0%         2d4       80%         2
 Sublimation of Blood     Necr           0%         N/A       80%         2
 Wereblood                Tmut           0%         N/A       80%         2
 Conjure Flame            Conj/Fire      5%         6-21      83%         3
 Inner Flame              Hex/Fire       5%         N/A       83%         3
 Ignite Poison            Fire/Tmut/Pois 4%         N/A       88%         3
 Dazzling Flash           Conj/Hex       0%         N/A       95%         3
 Gell's Gravitas          Tloc           0%         N/A       95%         3
 Lesser Beckoning         Tloc           0%         N/A       95%         3
 Ozocubu's Armour         Ice            0%         N/A       95%         3
 Portal Projectile        Hex/Tloc       0%         N/A       95%         3
 Teleport Other           Tloc           0%         N/A       95%         3
 Tukima's Dance           Hex            0%         N/A       95%         3
 Sticky Flame             Conj/Fire      5%         2d3       99%         4
 Animate Armour           Summ/Erth      0%         N/A       100%        4
 Cause Fear               Hex            0%         N/A       100%        4
 Corpse Rot               Necr/Pois/Air  0%         N/A       100%        4
 Fulminant Prism          Conj/Hex       0%         3d6       100%        4
 Agony                    Necr           0%         N/A       100%        5
 Blade Hands              Tmut           0%         N/A       100%        5
 Iskenderun's Battlesphe  Conj           0%         2d6       100%        5
 Silence                  Hex/Air        0%         N/A       100%        5
 Iron Shot                Conj/Erth      0%         9d1       100%        6
 Ozocubu's Refrigeration  Ice            0%         4d7       100%        7
 Spellforged Servitor     Conj/Summ      0%         N/A       100%        7
 Summon Hydra             Summ           0%         N/A       100%        7
 Discord                  Hex            0%         N/A       100%        8


Dungeon Overview and Level Annotations

Branches:
Dungeon (15/15)            Temple (0/1) D:6            Lair (5/5) D:11
  Swamp (0/4) Lair:2        Snake (1/4) Lair:3        Slime (0/5) Lair:5
    Orc (2/2) D:10            Elf (0/3) Orc:2        Vaults (0/5) D:14
 Depths (0/4) D:15

Altars:
Ashenzari
Cheibriados
Dithmenos
Makhleb
Nemelex Xobeh
Okawaru
Uskayaw
Vehumet
Yredelemnul
The Shining One
Jiyva

Shops:
D:9 [   Orc:2 :[[??

Annotations:
D:11 2 transporters
D:13 1 runed translucent door, Leinaam's ghost, journeyman MiBe
Lair:3 Aizul
Lair:5 4 runed translucent doors, Jeban's ghost, journeyman OpFi


Innate Abilities, Weirdness & Mutations

You cannot be hasted, slowed, berserked, paralysed or teleported.
You can dig through walls and to a lower floor.
You have a pair of large antennae on your head. (SInv)
Your four strong arms can wield two-handed weapons with a shield.


Message History

You feel very sick.
Aizul says, "Feeling sleepy?"
Aizul coils herself and waves her upper body at you.
The poison arrow hits you!
You are more poisoned.
* * * LOW HITPOINT WARNING * * *
You miss Aizul.
Aizul is almost dead.
You feel extremely sick. Aizul casts a spell at you.
The poison arrow hits you!!
You are lethally poisoned!
* * * LOW HITPOINT WARNING * * *
You feel much better.
* * * LOW HITPOINT WARNING * * *
You feel extremely sick. You block Aizul's attack. Aizul casts a spell at you.
The bolt of poison hits you but does no damage.
You are more poisoned.
You feel much better.
* * * LOW HITPOINT WARNING * * *
You feel extremely sick. You block Aizul's attack.
You miss Aizul.
Aizul is almost dead.
* * * LOW HITPOINT WARNING * * *
You feel extremely sick. Aizul hits you.
* * * LOW HITPOINT WARNING * * *
Aizul is burned by your cloak of flames.
Aizul is almost dead.
You hit Aizul. You freeze Aizul.
Aizul is almost dead.
* * * LOW HITPOINT WARNING * * *
You feel extremely sick. You block Aizul's attack.
You hit Aizul but do no damage.
Aizul is almost dead.
You die...

# #.#........# ### ####.......##
#.# #.#.......## .## ####.<.)...#
..## #.###...### ...###
###.......# .....# ##.......##
#....## ##.........## ##....#
###.....@.....##
#....###P.....S.......#
###...#.##..#.......#..#########
.##.....##..#.......##..##.##P.##
............###...###............
.................................
.................................
.................................
.........................[.......


You could see Aizul.

Vanquished Creatures
  Rupert (D:12)
  Kirke (D:13)
  Louise (D:14)
  Nessos (Orc:2)
  2 fire dragons (D:15)
  A vault guard (D:14)
  5 boulder beetles
  5 hydras
  2 catoblepae
  2 centaur warriors (D:15)
  4 ogre magi
  18 two-headed ogres
  A death knight (D:14)
  A tengu warrior (D:13)
  A deep troll shaman (Lair:5)
  7 death yaks
  3 wretched stars (D:14)
  A bog body (Lair:2)
  2 cherubim (D:14)
  Pikel (D:5)
  3 deep elf pyromancers
  An orc knight (D:13)
  11 slime creatures
  An oklob plant (Lair:5)
  A faun (shapeshifter) (D:14)
  An orc sorcerer (Orc:2)
  4 cyclopes
  3 manticores
  8 ugly things
  15 elephants
  4 black mambas
  19 cane toads
  3 torpor snails (Lair:4)
  Maurice (D:12)
  An unseen horror (D:13)
  2 gargoyles (D:12)
  Psyche (D:10)
  A yaktaur (D:15)
  8 komodo dragons
  A wind drake (shapeshifter) (D:15)
  6 trolls
  A queen bee (shapeshifter) (D:12)
  6 polar bears
  Prince Ribbit (D:8)
  A hornet (D:8)
  13 blink frogs
  2 dream sheep (Lair:4)
  Sigmund (D:5)
  2 shadows (D:11)
  45 yaks
  4 wraiths
  Eustachio (D:5)
  2 hogs (D:13)
  2 wyverns
  A vampire (D:10)
  A hog (shapeshifter) (D:15)
  3 basilisks
  18 vampire mosquitoes
  A steam dragon (D:8)
  4 nagas
  An acid dragon (D:10)
  6 wargs
  16 water moccasins
  2 black bears
  A sky beast (D:7)
  3 ice beasts
  A sky beast (shapeshifter) (D:13)
  23 orc warriors
  10 wolves
  27 ogres
  4 centaurs
  A lemure (D:5)
  2 kobold brigands
  5 bullfrogs
  A gnoll sergeant (D:9)
  3 scorpions
  3 wights (D:4)
  13 killer bees
  A vampire bat (D:8)
  7 howler monkeys
  3 electric eels (D:10)
  21 orc priests
  3 hounds
  2 gnoll boudas
  2 iguanas (D:5)
  32 orc wizards
  11 gnolls
  3 adders
  An ufetubus (D:3)
  2 worms
  6 dart slugs
  99 orcs
  4 endoplasms
  2 giant cockroaches (D:2)
  8 goblins
  3 hobgoblins
  11 jackals (D:4)
  10 kobolds
  4 quokkas
  5 ball pythons
  10 bats
  4 frilled lizards
  7 rats
647 creatures vanquished.

Vanquished Creatures (others)
  43 fungi
  50 plants
93 creatures vanquished.

Grand Total: 740 creatures vanquished

Notes
Turn   | Place    | Note
-------+----------+-------------------------------------------
     0 | D:1      | Strat the Formicid Cinder Acolyte began the quest for the
                  | Orb.
     0 | D:1      | Reached XP level 1. HP: 18/18 MP: 2/2
   373 | D:1      | Reached XP level 2. HP: 15/24 MP: 3/3
   485 | D:1      | Learned a level 2 spell: Scorch
  1173 | D:1      | Found a faded altar of an unknown god.
  1669 | D:2      | Reached skill level 4 in Axes
  1669 | D:2      | Reached XP level 3. HP: 29/29 MP: 4/4
  1929 | D:2      | Identified the +10 sling of Triumph {venom, rPois}
  2457 | D:3      | Reached XP level 4. HP: 35/35 MP: 5/5
  2660 | D:3      | Reached skill level 5 in Axes
  2721 | D:3      | Found a sparkling altar of Nemelex Xobeh.
  2866 | D:3      | Identified the +1 scale mail "Kiap" {Str+4 Dex+3}
  3090 | D:4      | Noticed a scorpion
  3093 | D:4      | Killed a scorpion
  3094 | D:4      | Reached XP level 5. HP: 37/41 MP: 4/6
  3179 | D:4      | Reached skill level 6 in Axes
  3231 | D:4      | Reached XP level 6. HP: 43/47 MP: 7/7
  3345 | D:4      | Noticed an ice beast
  3385 | D:4      | Killed an ice beast
  3386 | D:4      | Reached skill level 1 in Armour
  3973 | D:3      | Reached XP level 7. HP: 38/53 MP: 5/8
  4670 | D:5      | Entered Level 5 of the Dungeon
  4693 | D:5      | Found an iron altar of Okawaru.
  4723 | D:5      | Reached skill level 5 in Fighting
  4822 | D:5      | Reached skill level 7 in Axes
  4915 | D:5      | Reached XP level 8. HP: 62/62 MP: 9/9
  4948 | D:5      | Noticed Pikel
  4960 | D:5      | Killed Pikel
  4961 | D:5      | Reached skill level 9 in Axes
  5142 | D:5      | Found a radiant altar of Vehumet.
  5152 | D:5      | Identified the +5 whip of Righteous Anger {drain, +Blink
                  | rPois}
  5153 | D:5      | Noticed Eustachio
  5158 | D:5      | Killed Eustachio
  5159 | D:5      | Reached XP level 9. HP: 58/68 MP: 10/10
  5243 | D:5      | Noticed Sigmund
  5247 | D:5      | Killed Sigmund
  5248 | D:5      | Reached skill level 10 in Axes
  5372 | D:5      | Found a shadowy altar of Dithmenos.
  5372 | D:5      | Found a broken altar of Ashenzari.
  5802 | D:6      | Reached skill level 1 in Ranged Weapons
  6132 | D:6      | Found a staircase to the Ecumenical Temple.
  7064 | D:7      | Found a burning altar of Makhleb.
  7296 | D:8      | Reached XP level 10. HP: 70/77 MP: 0/11
  7595 | D:8      | Noticed a two-headed ogre
  7637 | D:8      | Reached skill level 11 in Axes
  7657 | D:8      | Identified a scroll of acquirement
  7657 | D:8      | Acquired a +0 executioner's axe of freezing
  7861 | D:8      | Noticed Prince Ribbit
  7880 | D:8      | Killed Prince Ribbit
  8207 | D:8      | Killed a two-headed ogre
  8208 | D:8      | Reached skill level 12 in Axes
  8925 | D:9      | Found Asajazu's Armour Shoppe.
  9020 | D:9      | Bought a +1 pair of boots of stealth for 214 gold pieces
  9115 | D:9      | Found a snail-covered altar of Cheibriados.
  9177 | D:8      | Reached skill level 5 in Armour
  9882 | D:9      | Reached XP level 11. HP: 73/85 MP: 9/12
 10056 | D:9      | Found a glowing golden altar of the Shining One.
 10140 | D:9      | Reached skill level 13 in Axes
 10238 | D:9      | Found a faded altar of an unknown god.
 10389 | D:10     | Entered Level 10 of the Dungeon
 10696 | D:10     | Identified the +4 ring mail of Past Mistakes {rCorr Str+4
                  | Int-3 Dex+2}
 10954 | D:10     | Found a staircase to the Orcish Mines.
 11643 | D:10     | Identified the +0 robe of Quiet Fog {rPois Regen+ Int-5
                  | Stlth+}
 11782 | D:10     | Noticed Psyche
 11791 | D:10     | Killed Psyche
 12076 | D:10     | Found a hide-covered altar of Uskayaw.
 12076 | D:10     | Found a basalt altar of Yredelemnul.
 12102 | D:10     | Identified the +3 sling of the Hidden Vale {freeze, Str+2}
 12130 | D:10     | Noticed a two-headed ogre
 12142 | D:10     | Killed a two-headed ogre
 12623 | D:11     | Noticed a flayed ghost
 12624 | D:11     | Found a transporter.
 12625 | D:11     | Noticed a tengu reaver
 12625 | D:11     | Noticed a boulder beetle
 12627 | D:11     | Noticed a manticore
 12627 | D:11     | Noticed a rakshasa
 12641 | D:11     | Identified the +1 ring mail of Amorous Tender Moments {rF+}
 12803 | D:11     | Noticed a two-headed ogre
 12811 | D:11     | Killed a two-headed ogre
 12812 | D:11     | Reached skill level 10 in Fighting
 12812 | D:11     | Reached XP level 12. HP: 97/97 MP: 13/13
 12836 | D:11     | Found a transporter.
 12891 | D:11     | Reached skill level 14 in Axes
 13179 | D:11     | Found a staircase to the Lair.
 13180 | D:11     | Noticed a death yak
 13322 | D:11     | Killed a death yak
 13647 | Lair:1   | Entered Level 1 of the Lair of Beasts
 14042 | Lair:1   | Reached skill level 1 in Shields
 14728 | Lair:1   | Noticed a four-headed hydra
 14914 | Lair:2   | Found a staircase to the Swamp.
 14997 | Lair:2   | Reached skill level 15 in Axes
 15006 | Lair:2   | Reached skill level 5 in Shields
 15180 | Lair:2   | Reached skill level 10 in Armour
 15586 | Lair:2   | Reached XP level 13. HP: 100/103 MP: 14/14
 16322 | Lair:3   | Found a staircase to the Snake Pit.
 16893 | Lair:3   | Reached skill level 16 in Axes
 17202 | Lair:4   | Noticed a boulder beetle
 17662 | Lair:4   | Reached skill level 17 in Axes
 17805 | Lair:4   | Noticed a boulder beetle
 17906 | Lair:4   | Killed a boulder beetle
 18314 | Lair:4   | Reached skill level 18 in Axes
 18393 | Lair:4   | Reached XP level 14. HP: 43/110 MP: 6/15
 19426 | Lair:5   | Entered Level 5 of the Lair of Beasts
 19463 | Lair:5   | Reached skill level 19 in Axes
 19965 | Lair:5   | Noticed a minotaur
 20566 | Lair:5   | Found a runed translucent gate.
 20566 | Lair:5   | Found a runed translucent gate.
 20574 | Lair:5   | Reached skill level 20 in Axes
 20575 | Lair:5   | Found a runed translucent gate.
 20576 | Lair:5   | Noticed Jeban's ghost (journeyman OpFi)
 21044 | Lair:5   | Found a runed translucent door.
 21044 | Lair:5   | Found a viscous altar of Jiyva.
 21047 | Lair:5   | Found a staircase to the Slime Pits.
 21805 | Orc:1    | Entered Level 1 of the Orcish Mines
 22316 | Orc:2    | Entered Level 2 of the Orcish Mines
 22353 | Orc:2    | Found a staircase to the Elven Halls.
 22434 | Orc:2    | Reached XP level 15. HP: 92/115 MP: 12/16
 22792 | Orc:2    | Reached skill level 21 in Axes
 23493 | Orc:2    | Found Jutasor's Armour Shop.
 23495 | Orc:2    | Found Iriss's Magic Scroll Shoppe.
 23499 | Orc:2    | Found Wuthuhen's Book Emporium.
 23499 | Orc:2    | Found Qucoyq's Antique Armour Shop.
 23512 | Orc:2    | Bought a cloak for 157 gold pieces
 23519 | Orc:2    | Bought a scroll of summoning for 114 gold pieces
 23519 | Orc:2    | Bought 3 scrolls of butterflies for 144 gold pieces
 23656 | Orc:2    | Noticed Nessos
 23675 | Orc:2    | Killed Nessos
 23863 | Orc:2    | Reached skill level 22 in Axes
 24052 | Orc:2    | Found Ydumaink's Magic Scroll Boutique.
 24057 | Orc:2    | Bought a scroll of enchant weapon for 97 gold pieces
 24239 | D:12     | Noticed Maurice
 24248 | D:12     | Killed Maurice
 25215 | D:12     | Noticed Rupert
 25221 | D:12     | Killed Rupert
 25801 | D:13     | Found a broken altar of Ashenzari.
 26165 | D:13     | Reached XP level 16. HP: 122/122 MP: 17/17
 26256 | D:13     | Noticed Kirke
 26272 | D:13     | Noticed a sphinx
 26273 | D:13     | Killed Kirke
 26374 | D:13     | Found a runed translucent door.
 26376 | D:13     | Noticed Leinaam's ghost (journeyman MiBe)
 27089 | D:15     | Entered Level 15 of the Dungeon
 27331 | D:14     | Noticed Louise
 27353 | D:14     | Killed Louise
 27463 | D:14     | Found a hide-covered altar of Uskayaw.
 27968 | D:14     | Found the +1 cloak of Starlight {*Dazzle EV+4 Stlth--}
 28263 | D:14     | Found a gate to the Vaults.
 28395 | D:15     | Reached skill level 10 in Shields
 30178 | D:15     | Reached skill level 23 in Axes
 30296 | D:15     | Found a staircase to the Depths.
 30633 | Snake:1  | Entered Level 1 of the Snake Pit
 30656 | Snake:1  | Noticed Aizul
 30684 | Lair:3   | HP: 3/122 [Aizul/poison arrow (28)]
 30689 | Lair:3   | Succumbed to Aizul's bolt of poison

Illustrated notes

Levels and vault maps discovered:
D:1:      eino_arrival_cavern_e, layout_basic,
          dreamdust_ecumenical_altar_statues, corexii_leaking_fountain,
          grunt_decor_one_mirror
D:2:      layout_loops_corners, minmay_tromino_i2
D:3:      layout_basic, mainiacjoe_overflow_boulevard, grunt_ministairs_12,
          minmay_mini_jars
D:4:      layout_basic, guppyfry_shop_venom
D:5:      layout_rooms, old_standard_altar, gammafunk_temple_overflow_pools,
          mainiacjoe_overflow_alcove_1, uniq_pikel, uniq_sigmund, uniq_eustachio
D:6:      layout_cave_pools, minmay_temple_entry_enclosed_plants
D:7:      layout_rooms, makhleb_heckhound_becter
D:8:      layout_basic, roderic_batcave, uniq_prince_ribbit1
D:9:      kennysheep_blocky_hall, layout_cave_pools, lemuel_tele_altar,
          nicolae_tso_swordbearing_angel, serial_column_ruins,
          column_ruins_square_small, column_ruins_temple_hut,
          column_ruins_corridor_corner, column_ruins_grid_1,
          column_ruins_open_medium, column_ruins_columns_straight, serial_shops,
          nicolae_shop_stone, nrook_mini_vaults
D:10:     layout_irregular_city, gammafunk_temple_overflow_statue, erik_orc_2,
          nooodl_orcs_dogs, uniq_psyche
D:11:     gammafunk_sealed_arena, layout_small_grid, david_lair_generic
D:12:     layout_stronghold, uniq_rupert, uniq_maurice
D:13:     layout_roguey, hellmonk_ghost_happy_afterlife,
          hangedman_decor_clover_reticule, grunt_ministairs_1,
          cheibrodos_ashenzari_chains, uniq_kirke
D:14:     layout_roguey, david_vaults_5, nicolae_uskayaw_dance_hall,
          hellmonk_guarded_unrand_starlight, uniq_louise
D:15:     grunt_enter_depths_hoard, layout_layer_cave, dk_noncrumbling_3
Lair:1:   layout_roguey, lemuel_fruit_tree
Lair:2:   layout_regular_city, skrybe_swamp_entry_bodies, serial_bayou_ford_a,
          infiniplex_staircase_pool
Lair:3:   layout_hall_layers, minmay_snake_entry_guardpost_small
Lair:4:   nzn_winding_woodlands_stair_cross
          [nzn_winding_woodlands_5x15_sidewinder,
          nzn_winding_woodlands_center_diamonds,
          nzn_winding_woodlands_5x15_sawtooth, nzn_winding_woodlands_hourglass,
          nzn_winding_woodlands_5x5_open_star,
          nzn_winding_woodlands_5x15_garden, nzn_winding_woodlands_center_lodge,
          nzn_winding_woodlands_5x15_split_checker], layout_regular_city,
          st_stairs_12
Lair:5:   grunt_lair_end_beastmaster, layout_regular_city, slime_entry_2,
          maelrawn_ghost_gauntlet_escape
Snake:1:  layout_gridlike, basic_altar, grunt_megastairs_3, uniq_aizul
Orc:1:    layout_caves
Orc:2:    st_orc_ogre_mass, layout_caves, serial_shops, shop, mines4_lemuel,
          uniq_nessos

Skill      XL: |  1  2  3  4  5  6  7  8  9 10 11 12 13 14 15 16 |
---------------+-------------------------------------------------+-----
Axes           | 4 5 6 7 9 10 12 13 15 18 20 22 23 | 23.1
Armour         | 2 3 4 5 8 10 | 10.0
Fighting       | 4 5 6 7 10 | 10.0
Ranged Weapons | 3 4 |  4.0
Shields        | 5 11 | 11.3
Spellcasting   | |  1.1
Fire Magic     | |  3.0

Action                   |  1- 3 |  4- 6 |  7- 9 | 10-12 | 13-15 | 16-18 || total
-------------------------+-------+-------+-------+-------+-------+-------++-------
Melee: Hand axe          |    49 |       |       |       |    16 |    12 ||    77
       Battleaxe         |       |     8 |    15 |       |       |       ||    23
       Punch             |       |       |     1 |     3 |       |       ||     4
       Executioner's axe |       |       |       |   260 |   581 |   208 ||  1049
 Fire: Sling             |    23 |    86 |   194 |   314 |   392 |    49 ||  1058
 Cast: Scorch            |     3 |     3 |    14 |       |       |       ||    20
Invok: Rising Flame      |       |       |       |       |     1 |       ||     1
       Fiery Armour      |       |       |       |       |       |     1 ||     1
 Abil: Dig               |       |       |       |       |     4 |       ||     4
Evoke: Wand              |       |       |     1 |     1 |       |     2 ||     4
  Use: Potion            |       |       |     5 |       |     6 |     4 ||    15
       Scroll            |       |       |       |    22 |     8 |       ||    30
 Stab: Invisible         |       |       |       |       |     7 |       ||     7
       Distracted        |       |       |       |       |     1 |       ||     1
Armor: Robe              |     4 |       |       |       |       |       ||     4
       Ring mail         |     9 |    28 |    37 |   170 |   289 |       ||   533
       Skin              |       |       |     6 |       |       |       ||     6
       Scale mail        |       |       |       |    47 |    36 |   105 ||   188
Dodge: Dodged            |    20 |    43 |    54 |   290 |   395 |    91 ||   893
Block: Buckler           |       |       |       |    38 |   161 |    33 ||   232
       Kite shield       |       |       |       |       |       |    23 ||    23
